 Dungeon Crawl Stone Soup version 0.24-a0-528-g98e85ec62a (webtiles) character file.

Game seed: 12529384548697215413

47833 DeathSun the Fencer (level 14, -18/126 HPs)
             Began as a Minotaur Fighter on Aug 5, 2019.
             Was a Priest of Jiyva.
             Killed from afar by a black draconian (23 damage)
             ... with a bolt of lightning
             ... created by the fury of Okawaru
             ... on level 4 of the Lair of Beasts.
             The game lasted 00:54:21 (22145 turns).

DeathSun the Fencer (Minotaur Fighter)             Turns: 22145, Time: 00:54:22

Health: -18/126    AC: 12    Str: 29    XL:     14   Next: 10%
Magic:  20/20      EV: 21    Int:  5    God:    Jiyva [***...]
Gold:   984        SH:  0    Dex: 24    Spells: 13/13 levels left

rFire    . . .     SeeInvis .   U - +1 triple sword "Zerafunu" {flame, rPois Int+4 Dex+5 Stlth-}
rCold    . . .     Gourm    .   (shield currently unavailable)
rNeg     . . .     Faith    +   n - +4 ring mail {rPois}
rPois    +         Spirit   .   (helmet restricted)
rElec    .         Reflect  .   b - scarf {cloud immunity}
rCorr    +         Harm     .   (no gloves)
MR       +....                  h - +0 pair of boots
Stlth    ..........             K - amulet of faith
HPRegen  0.31/turn              S - +4 ring of strength
MPRegen  0.17/turn              p - +4 ring of strength

@: no status effects
A: retaliatory headbutt, horns 2
a: Request Jelly, Renounce Religion


You were on level 4 of the Lair of Beasts.
You worshipped Jiyva.
Jiyva was most pleased with you.
You were not hungry.

You visited 3 branches of the dungeon, and saw 18 of its levels.
You also visited: Sewer.

You collected 1134 gold pieces.
You spent 150 gold pieces at shops.

Inventory:

Hand Weapons
 U - the +1 triple sword "Zerafunu" (weapon) {flame, rPois Int+4 Dex+5 Stlth-}
   (Okawaru gifted it to you on level 2 of the Lair of Beasts)

   It has been specially enchanted to burn those struck by it, causing extra
   injury to most foes and up to half again as much damage against particularly
   susceptible opponents.
   Big, fiery blades are also staple armaments of hydra-hunters.
   It affects your intelligence (+4).
   It affects your dexterity (+5).
   It protects you from poison.
   It makes you less stealthy.
Missiles
 T - a throwing net (quivered)
Armour
 b - a scarf of cloud immunity (worn)
 h - a +0 pair of boots (worn)
 n - a +4 ring mail of poison resistance (worn)
 z - a +1 cloak
 I - the +3 ring mail of Yredelemnul's Delight {rElec rN+ Str+2}
   (You found it on level 6 of the Dungeon)

   It affects your strength (+2).
   It insulates you from electricity.
   It protects you from negative energy.
 L - the +8 ring mail "Hawoeron" {rElec}
   (You found it on level 7 of the Dungeon)

   It insulates you from electricity.
Jewellery
 p - a +4 ring of strength (right hand)
 u - an uncursed amulet of the acrobat
 v - a cursed ring of protection from fire {unknown}
 C - an uncursed amulet of guardian spirit
 K - an amulet of faith (around neck)
 M - an uncursed ring of fire
 Q - an uncursed ring of ice
 S - a +4 ring of strength (left hand)
Wands
 c - a wand of enslavement (13)
 A - a wand of digging (8)
 F - a wand of iceblast (11)
 J - a wand of acid (36)
 R - a wand of paralysis (23)
Scrolls
 a - a scroll of brand weapon {unknown}
 e - 18 scrolls of remove curse
 i - a scroll of enchant weapon {unknown}
 j - 2 scrolls of immolation {unknown}
 l - 2 scrolls of fear
 m - a scroll of torment {unknown}
 o - 4 scrolls of blinking
 q - 5 scrolls of teleportation
 s - 3 scrolls of fog {unknown}
 y - 2 scrolls of enchant armour {unknown}
 D - a scroll of identify
 E - 2 scrolls of vulnerability {unknown}
 H - a scroll of summoning {unknown}
 O - 3 scrolls of magic mapping {unknown}
 Z - 2 scrolls of noise {unknown}
Potions
 d - a potion of might
 g - 5 potions of agility
 k - 8 potions of haste
 r - 3 potions of ambrosia
 w - 12 potions of heal wounds
 x - 10 potions of curing
 B - a potion of mutation {unknown}
 N - a potion of lignification {unknown}
 P - a potion of brilliance {unknown}
 W - a potion of cancellation {unknown}
 X - a potion of magic {unknown}
Miscellaneous
 t - a lightning rod (3/4)
 Y - a lamp of fire
Comestibles
 f - 36 rations


   Skills:
 - Level 12.0 Fighting
 * Level 17.6 Long Blades
 - Level 9.0 Armour
 - Level 10.0 Dodging
   Level 3.6 Shields
   Level 6.2 Invocations
 * Level 9.8 Evocations


You had 13 spell levels left.
You didn't know any spells.
Your spell library contained the following spells:

 Spells                   Type           Power        Failure   Level  Hunger
 Animate Skeleton         Necr           N/A          58%         1    ##.....
 Infusion                 Chrm           #...         58%         1    ##.....
 Pain                     Necr           #...         58%         1    ##.....
 Shroud of Golubria       Chrm/Tloc      #.....       73%         2    ###....
 Song of Slaying          Chrm           #.......     73%         2    ###....
 Regeneration             Chrm/Necr      #.........   91%         3    ####...
 Spectral Weapon          Hex/Chrm       #.......     91%         3    ####...
 Vampiric Draining        Necr           #.........   91%         3    ####...
 Animate Dead             Necr           N/A          100%        4    #####..
 Bolt of Magma            Conj/Fire/Erth #.........   100%        5    ######.
 Iskenderun's Battlesphe  Conj/Chrm      #.......     100%        5    ######.
 Venom Bolt               Conj/Pois      #.........   100%        5    ######.
 Iron Shot                Conj/Erth      #.........   100%        6    #######
 Orb of Destruction       Conj           #.........   100%        7    #######
 Spellforged Servitor     Conj/Summ      #.........   100%        7    #######


Dungeon Overview and Level Annotations

Branches:
Dungeon (11/15)            Temple (0/1) D:4            Lair (6/6) D:10
  Swamp (0/4) Lair:3        Snake (1/4) Lair:4        Slime (0/5) Lair:6
    Orc (0/2) D:10

Altars:
Ashenzari
Cheibriados
Dithmenos
Fedhas
Kikubaaqudgha
Makhleb
Okawaru
Trog
Xom
Yredelemnul
Jiyva

Shops:
D:4 !

Portals:
Trove: D:11 (give +4 ice dragon scales)

Annotations:
Lair:6 1 runed translucent door, Goumiel's ghost, adept HuAr


Innate Abilities, Weirdness & Mutations

You reflexively headbutt those who attack you in melee.
You have a pair of horns on your head.


Message History

The black draconian completely resists.
The merfolk hits you with a +0 trident!
* * * LOW HITPOINT WARNING * * *
The centaur wields a +0 shortbow.
The centaur shoots an arrow.
The arrow barely misses you.
The arrow disappears in a puff of smoke!
The black draconian closely misses you. You furiously retaliate!
You headbutt the black draconian, but do no damage.
The merfolk throws a boomerang.
The boomerang hits you.
* * * LOW HITPOINT WARNING * * *
The weapon returns to the merfolk!
The centaur warrior wields a +0 longbow.
The centaur warrior shoots an arrow.
The arrow hits you!
* * * LOW HITPOINT WARNING * * *
The arrow disappears in a puff of smoke!
The centaur shoots an arrow.
The arrow hits you!
* * * LOW HITPOINT WARNING * * *
The arrow disappears in a puff of smoke!
The black draconian breathes lightning at you.
The bolt of lightning hits you!!
You die...

...............####..#...#..####.
...........J...........#......###
...............................##
....................#.#.........#
.......######.....#####.#......<.
........# ##...######P.........
#...##.## #P.####.....P.......
#...#### #......#..####......
#...## ##.@P##...# #.......
.....# #### #...##..## #.......
.....#####..###...###.#####......
.....#.....##..cdc###......>.....
.......P.........mc##mm..........
....^..##..#....Pm.Pm..##........
.....######.#.P...P...###.#......
#...## #####.....### ##.....#.
##### #P......## ##.#.###


You could see a black draconian, a merfolk javelineer, a merfolk, a centaur
warrior, 2 centaurs and a neutral jelly (fellow slime).

Vanquished Creatures
  2 entropy weavers
  4 hydras
  2 two-headed ogres
  A queen ant (Lair:5)
  An unseen horror (D:10)
  4 sea snakes (Snake:1)
  A mana viper (Snake:1)
  An ugly thing (D:11)
  11 elephants
  9 black mambas
  The ghost of Gargoyl the Skirmisher, a novice CeAK of Lugonu (D:5)
  11 spiny frogs
  3 rime drakes
  4 komodo dragons
  A troll (D:11)
  5 polar bears
  3 blink frogs (Lair:5)
  7 hornets
  12 dream sheep
  6 hippogriffs
  2 wyverns
  11 spriggans (Lair:6)
  24 yaks
  A hungry ghost (D:10)
  Menkaure (D:7)
  15 soldier ants
  A naga (Snake:1)
  17 water moccasins
  9 porcupines
  A swamp drake (D:10)
  2 ice beasts
  2 sky beasts (D:8)
  3 black bears
  7 orc warriors
  5 ogres
  4 centaurs (Lair:3)
  A necrophage (D:8)
  A phantom (D:8)
  5 boggarts (Lair:6)
  23 wolves
  11 crocodiles
  3 big kobolds
  15 bullfrogs
  2 water moccasin zombies
  A wyvern zombie (D:10)
  3 scorpions
  2 vampire bats (Lair:5)
  5 howler monkeys
  3 electric eels
  A bullfrog zombie (D:7)
  3 crimson imps
  3 jellies
  2 hounds
  A quasit (D:7)
  A centaur zombie (D:6)
  A gnoll shaman (D:3)
  7 orc priests
  A centaur skeleton (D:6)
  Jessica (D:2)
  5 iguanas
  12 orc wizards
  24 worker ants
  A killer bee zombie (D:7)
  A hound zombie (D:10)
  A hound skeleton (D:6)
  A worker ant zombie (D:11)
  13 gnolls
  23 adders
  A howler monkey skeleton (D:4)
  4 shadow imps
  An ooze (D:6)
  5 worms
  2 dart slugs
  5 leopard geckos
  36 orcs
  2 ball pythons
  14 bats
  6 giant cockroaches
  7 goblins
  5 hobgoblins
  12 jackals
  25 kobolds
  9 quokkas
  4 frilled lizards
  A leopard gecko skeleton (D:5)
  A quokka zombie (D:9)
  16 rats
  A fungus (Lair:6)
  2 plants
530 creatures vanquished.

Vanquished Creatures (others)
  2 jellies (Snake:1)
  An orc (D:8)
  12 fungi
  25 plants
40 creatures vanquished.

Grand Total: 570 creatures vanquished

Notes
Turn   | Place    | Note
-------+----------+-------------------------------------------
     0 | D:1      | DeathSun the Minotaur Fighter began the quest for the Orb.
     0 | D:1      | Reached XP level 1. HP: 19/19 MP: 0/0
     0 | D:1      | Noticed a large abomination
     0 | D:1      | Noticed a shadow dragon
     0 | D:1      | Noticed a large abomination
     1 | D:1      | Noticed a large abomination
     3 | D:1      | Noticed an orb of fire
     5 | D:1      | Noticed an orb of fire
     6 | D:1      | Noticed a tentacled monstrosity
    10 | D:1      | Noticed a large abomination
    12 | D:1      | Noticed an orb of fire
    13 | D:1      | Noticed an ice dragon
    14 | D:1      | Noticed a shadow dragon
    14 | D:1      | Noticed a tentacled monstrosity
    16 | D:1      | Noticed a large abomination
    16 | D:1      | Noticed an orb of fire
    18 | D:1      | Noticed a shadow dragon
    18 | D:1      | Noticed a shadow dragon
    20 | D:1      | Noticed an ice dragon
    53 | D:1      | Reached skill level 3 in Long Blades
   135 | D:1      | Reached XP level 2. HP: 26/26 MP: 1/1
   747 | D:2      | Reached skill level 4 in Long Blades
   856 | D:2      | Reached XP level 3. HP: 24/31 MP: 2/2
  1097 | D:2      | Noticed Jessica
  1103 | D:2      | Killed Jessica
  1103 | D:2      | Reached skill level 5 in Long Blades
  1103 | D:2      | Reached XP level 4. HP: 39/39 MP: 3/3
  1348 | D:2      | Found an iron altar of Okawaru.
  1348 | D:2      | Found a snail-covered altar of Cheibriados.
  1353 | D:2      | Found a shadowy altar of Dithmenos.
  1355 | D:2      | Found a faded altar of an unknown god.
  1357 | D:2      | Found a faded altar of an unknown god.
  1401 | D:2      | Became a worshipper of Warmaster Okawaru
  1519 | D:2      | Reached skill level 6 in Long Blades
  1565 | D:2      | Found an ancient bone altar of Kikubaaqudgha.
  1566 | D:2      | Found a basalt altar of Yredelemnul.
  1567 | D:2      | Found a shattered altar of Ashenzari.
  1567 | D:2      | Found a blossoming altar of Fedhas.
  1917 | D:3      | Found a glowing drain.
  1937 | Sewer    | Entered a sewer
  1944 | Sewer    | Reached XP level 5. HP: 38/45 MP: 4/4
  2012 | Sewer    | Reached skill level 7 in Long Blades
  2065 | Sewer    | Found a white marble altar of Elyvilon.
  2681 | D:4      | Found Jucerchizid's Distillery.
  2702 | D:4      | Reached XP level 6. HP: 49/51 MP: 5/5
  2729 | D:4      | Found a staircase to the Ecumenical Temple.
  2751 | D:4      | Bought a potion of heal wounds for 50 gold pieces
  2751 | D:4      | Bought a potion of heal wounds for 50 gold pieces
  2751 | D:4      | Bought a potion of heal wounds for 50 gold pieces
  2866 | D:3      | Reached skill level 8 in Long Blades
  3190 | D:4      | Reached skill level 9 in Long Blades
  3219 | D:3      | Reached * piety under Okawaru
  3219 | D:3      | Reached XP level 7. HP: 28/57 MP: 6/6
  3886 | D:5      | Entered Level 5 of the Dungeon
  3924 | D:5      | Found a shattered altar of Ashenzari.
  3991 | D:5      | Reached skill level 10 in Long Blades
  4168 | D:5      | Reached skill level 5 in Fighting
  4291 | D:5      | Found a runed translucent door.
  4300 | D:5      | Noticed Gargoyl's ghost (novice CeAK)
  4418 | D:5      | Killed Gargoyl's ghost
  4418 | D:5      | Reached skill level 11 in Long Blades
  4418 | D:5      | Reached XP level 8. HP: 55/68 MP: 4/7
  4595 | D:6      | Reached ** piety under Okawaru
  4595 | D:6      | Reached skill level 1 in Invocations
  4790 | D:6      | Reached skill level 12 in Long Blades
  4887 | D:6      | Noticed a hippogriff
  4895 | D:6      | Killed a hippogriff
  5050 | D:6      | Got a faintly humming ring mail
  5061 | D:6      | Identified the +3 ring mail of Yredelemnul's Delight {rElec
                  | rN+ Str+2} (You found it on level 6 of the Dungeon)
  5160 | D:7      | Reached XP level 9. HP: 20/74 MP: 3/11
  5457 | D:7      | Got a shimmering ring mail
  5470 | D:7      | Identified the +8 ring mail "Hawoeron" {rElec} (You found
                  | it on level 7 of the Dungeon)
  5527 | D:7      | Noticed Menkaure
  5533 | D:7      | Killed Menkaure
  5533 | D:7      | Reached skill level 1 in Dodging
  5720 | D:7      | Reached *** piety under Okawaru
  5918 | D:7      | Reached skill level 13 in Long Blades
  5918 | D:7      | Reached skill level 5 in Armour
  6205 | D:7      | Reached **** piety under Okawaru
  6540 | D:8      | Reached skill level 5 in Dodging
  6540 | D:8      | Reached XP level 10. HP: 81/81 MP: 4/12
  6977 | D:8      | Paralysed by a hornet for 3 turns
  7461 | D:9      | Reached ***** piety under Okawaru
  7485 | D:9      | Reached skill level 14 in Long Blades
  7790 | D:9      | Noticed a two-headed ogre
  7805 | D:9      | Killed a two-headed ogre
  8084 | D:9      | Found a bloodstained altar of Trog.
  8344 | D:10     | Entered Level 10 of the Dungeon
  8524 | D:10     | Found a staircase to the Lair.
  8570 | D:10     | Reached skill level 1 in Evocations
  8649 | D:10     | Received a gift from Okawaru
  9123 | D:10     | Reached XP level 11. HP: 41/86 MP: 4/13
  9152 | D:10     | Killed an unseen horror
  9152 | D:10     | Reached skill level 5 in Invocations
  9498 | D:10     | Found a staircase to the Orcish Mines.
 10116 | D:11     | Received a gift from Okawaru
 10354 | D:11     | Found a portal to a secret trove of treasure.
 10367 | D:11     | Noticed a purple ugly thing
 10375 | D:11     | Killed a purple ugly thing
 10375 | D:11     | Reached skill level 5 in Evocations
 10382 | D:11     | Noticed a two-headed ogre
 10388 | D:11     | Killed a two-headed ogre
 10751 | Lair:1   | Entered Level 1 of the Lair of Beasts
 12248 | Lair:2   | Received a gift from Okawaru
 12251 | Lair:2   | Got a twisted triple sword {god gift}
 12252 | Lair:2   | Identified the +1 triple sword "Zerafunu" {flame, rPois
                  | Int+4 Dex+5 Stlth-} (Okawaru gifted it to you on level 2 of
                  | the Lair of Beasts)
 12402 | Lair:2   | Reached XP level 12. HP: 70/103 MP: 16/16
 13009 | Lair:3   | Found a staircase to the Swamp.
 13355 | Lair:3   | Found a burning altar of Makhleb.
 13920 | Lair:3   | Noticed an eight-headed hydra
 13928 | Lair:3   | Killed a five-headed hydra
 14515 | Lair:4   | Noticed a four-headed hydra
 14524 | Lair:3   | Killed a one-headed hydra
 14524 | Lair:3   | Received a gift from Okawaru
 14625 | Lair:4   | Reached ****** piety under Okawaru
 14627 | Lair:4   | Reached skill level 15 in Long Blades
 14631 | Lair:4   | Reached skill level 10 in Fighting
 14802 | Lair:4   | Found a staircase to the Snake Pit.
 15227 | Lair:4   | Noticed a four-headed hydra
 15230 | Lair:4   | Killed a two-headed hydra
 15230 | Lair:4   | Received a gift from Okawaru
 15882 | Lair:5   | Reached XP level 13. HP: 69/114 MP: 18/18
 16191 | Lair:5   | Reached skill level 16 in Long Blades
 16333 | Lair:5   | Noticed an entropy weaver
 16526 | Lair:5   | Noticed an entropy weaver
 16535 | Lair:4   | Killed an entropy weaver
 16535 | Lair:4   | Received a gift from Okawaru
 16844 | Lair:5   | Reached skill level 10 in Dodging
 17342 | Lair:5   | Killed an entropy weaver
 17640 | Lair:6   | Entered Level 6 of the Lair of Beasts
 17797 | Lair:6   | Found a runed translucent door.
 17797 | Lair:6   | Found a shimmering altar of Xom.
 17797 | Lair:6   | Noticed Goumiel's ghost (adept HuAr)
 17826 | Lair:6   | Received a gift from Okawaru
 17829 | Lair:6   | Got a twisted buckler {god gift}
 17938 | Lair:6   | Reached skill level 17 in Long Blades
 18873 | Lair:5   | Identified the +1 buckler of Miracles {*Slow rF++ rN+
                  | Dex+3} (Okawaru gifted it to you on level 6 of the Lair of
                  | Beasts)
 19016 | Lair:6   | Paralysed by a boggart for 7 turns
 19569 | Lair:6   | Found a viscous altar of Jiyva.
 19569 | Lair:6   | Found a staircase to the Slime Pits.
 19718 | Lair:6   | Fell from the grace of Okawaru
 19718 | Lair:6   | Became a worshipper of Jiyva Judout the Shapeless
 19854 | Lair:6   | Reached * piety under Jiyva
 20022 | Lair:6   | Reached ** piety under Jiyva
 21500 | Lair:4   | Reached *** piety under Jiyva
 21638 | Snake:1  | Entered Level 1 of the Snake Pit
 21645 | Snake:1  | Reached XP level 14. HP: 122/126 MP: 20/20
 21868 | Snake:1  | Noticed a deep elf blademaster
 21868 | Snake:1  | Noticed a deep elf master archer
 21882 | Snake:1  | HP: 1/126 [deep elf master archer/arrow[the fury of
                  | Okawaru] (36)]
 22145 | Lair:4   | HP: 5/126 [centaur/arrow[the fury of Okawaru] (12)]
 22145 | Lair:4   | Killed from afar by a black draconian

Levels and vault maps discovered:
D:1:      shiori_arrival_whats_in_store_for_you, layout_loops_ring
D:2:      layout_basic, chequers_temple_overflow_minitemple,
          grunt_temple_overflow_open, uniq_jessica
D:3:      layout_loops_ring, first_ration, portal_sewer_entry_b,
          kennysheep_generic_room_10
D:4:      layout_basic, minmay_temple_entry_butterflies, serial_shops,
          nicolae_shop_window_shopping, kennysheep_decorative_pillar
D:5:      layout_rooms, ebering_ghost_sewer_d, ashenzari_altar_1
D:6:      layout_rooms, hangedman_minor_gate_pass
D:7:      cheibrodos_barr_body, layout_gridville, uniq_menkaure
D:8:      layout_basic, hangedman_pestilent_swarm, lightli_minifort
D:9:      layout_cave_pools, lemuel_crystal_altar
D:10:     layout_basic, david_lair_shrubbed, erik_orc_1
D:11:     layout_rooms, enter_trove_1
Lair:1:   layout_gridlike, grunt_megastairs_3, infiniplex_staircase_pool
Lair:2:   layout_roguey
Lair:3:   layout_chaotic_city, swamp_mist_pool, lemuel_centaur_altar
Lair:4:   layout_gridlike, minmay_snake_entry_six_corridors, lemuel_fruit_fields
Lair:5:   layout_regular_city, roderic_batcave, zaba_antful_of_joy,
          serial_bayou_shore_a
Lair:6:   minmay_lair_end_enchanted_forest, layout_cave_pods,
          dpeg_slime_entry_enclosed_altar, ebering_ghost_xom,
          serial_bayou_ford_a
Snake:1:  layout_basic, minmay_shop_enchanted_jewellery, serial_bayou_lake_a,
          uniq_kirke

Skill      XL: |  1  2  3  4  5  6  7  8  9 10 11 12 13 |
---------------+----------------------------------------+-----
Long Blades    | 3 4 5 6 7 9 11 12 13 14 15 17 | 17.6
Fighting       | 5 8 10 12 | 12.0
Invocations    | 4 6 |  6.2
Armour         | 6 9 |  9.0
Dodging        | 5 7 9 10 | 10.0
Evocations     | 3 7 8 9 |  9.8
Shields        | |  3.6

Action                   |  1- 3 |  4- 6 |  7- 9 | 10-12 | 13-15 || total
-------------------------+-------+-------+-------+-------+-------++-------
Melee: Long sword        |   104 |   180 |   324 |   184 |       ||   792
       Headbutt          |    11 |    26 |    81 |   136 |    95 ||   349
       Great sword       |       |       |       |   148 |       ||   148
       Triple sword      |       |       |       |   150 |   302 ||   452
Invok: Heroism           |       |       |     4 |     5 |     4 ||    13
       Request Jelly     |       |       |       |       |     2 ||     2
Evoke: Lightning rod     |       |       |       |       |     3 ||     3
  Use: Scroll            |       |       |     1 |     9 |     3 ||    13
       Potion            |       |       |       |     2 |       ||     2
 Stab: Confused          |       |       |       |     1 |       ||     1
  Eat: Chunk             |       |     8 |    11 |    27 |    13 ||    59
       Ration            |       |       |       |     1 |     1 ||     2
Armor: Scale mail        |    56 |    58 |    48 |       |       ||   162
       Ring mail         |       |       |    50 |   158 |    93 ||   301
Dodge: Dodged            |    39 |    57 |    85 |   371 |   304 ||   856
Block: Shield            |    63 |    94 |   139 |    43 |       ||   339
       Rpst.: Long sword |     6 |     9 |    19 |    20 |       ||    54
       Great sword       |       |       |       |    15 |       ||    15
       Triple sword      |       |       |       |    51 |    77 ||   128

Table legend:
 A = Non-vault XP
 B = Vault XP
 C = Vault XP percentage of total XP
 D = Non-vault monster count
 E = Vault monster count
 F = Vault count percentage of total count
                 A         B        C        D         E       F
            +---------+---------+-------+---------+---------+-------
      Total |   46148 |   22185 |  32.5 |     352 |     175 |  33.2
            +---------+---------+-------+---------+---------+-------
        D:1 |      26 |       0 |   0.0 |      16 |       0 |   0.0
        D:2 |      97 |      37 |  27.6 |      32 |       1 |   3.0
        D:3 |     218 |       5 |   2.2 |      18 |       4 |  18.2
        D:4 |     406 |       0 |   0.0 |      26 |       0 |   0.0
        D:5 |     383 |     560 |  59.4 |      10 |       4 |  28.6
        D:6 |     626 |     229 |  26.8 |      10 |       7 |  41.2
        D:7 |    1007 |    1021 |  50.3 |      36 |      10 |  21.7
        D:8 |    1484 |    1126 |  43.1 |      28 |       9 |  24.3
        D:9 |    1776 |       0 |   0.0 |      19 |       0 |   0.0
       D:10 |    2510 |     871 |  25.8 |      23 |      18 |  43.9
       D:11 |    1910 |       0 |   0.0 |       9 |       0 |   0.0
     Lair:1 |    3410 |     381 |  10.1 |      16 |       1 |   5.9
     Lair:2 |    5282 |       0 |   0.0 |      15 |       0 |   0.0
     Lair:3 |    5170 |     464 |   8.2 |      21 |       4 |  16.0
     Lair:4 |    5947 |    4330 |  42.1 |      25 |      22 |  46.8
     Lair:5 |    6155 |    4759 |  43.6 |      20 |      36 |  64.3
     Lair:6 |    5451 |    8285 |  60.3 |      19 |      46 |  70.8
    Snake:1 |    4290 |       0 |   0.0 |       9 |       0 |   0.0
      Sewer |       0 |     117 | 100.0 |       0 |      13 | 100.0
            +---------+---------+-------+---------+---------+-------
